 Dungeon Crawl Stone Soup version 0.25.1-9-gc5326a611f (webtiles) character file.

Game seed: 3850537776909995891

1581 MajorAdolf the Covert (level 8, -5/64 HPs)
             Began as a Naga Wanderer on Dec 24, 2020.
             Was an Initiate of Dithmenos.
             Slain by an orc warrior
             ... wielding a +0 trident
              (15 damage)
             ... on level 7 of the Dungeon.
             The game lasted 00:15:42 (10509 turns).

MajorAdolf the Covert (Naga Wanderer)              Turns: 10509, Time: 00:15:43

Health: -5/64      AC:  5    Str: 13    XL:     8   Next: 91%
Magic:  11/11      EV: 10    Int: 11    God:    Dithmenos [......]
Gold:   403        SH:  5    Dex: 16    Spells: 9/9 levels left

rFire    . . .     SeeInvis +   e - +0 dagger
rCold    . . .     Gourm    .   (no shield)
rNeg     . . .     Faith    .   d - +0 robe
rPois    +         Spirit   .   (no helmet)
rElec    .         Reflect  +   n - +1 cloak
rCorr    +         Harm     .   (no gloves)
MR       +....                  (no barding)
Stlth    ++++......             w - amulet of reflection
HPRegen  0.20/turn              y - ring of resist corrosion
MPRegen  0.12/turn              (no ring)

@: very slow
A: large, see invisible, deformed body, poison resistance, slowness 2, slow
metabolism 1, spit poison 1, AC +2
a: Spit Poison, Renounce Religion


You were on level 7 of the Dungeon.
You worshipped Dithmenos.
Dithmenos was noncommittal.
You were not hungry.

You visited 2 branches of the dungeon, and saw 8 of its levels.
You also visited: Sewer.

You collected 403 gold pieces.

Inventory:

Hand Weapons
 a - a +0 spear
 e - a +0 dagger (weapon)
 z - a +0 rapier
Missiles
 x - 12 poisoned darts (quivered)
Armour
 d - a +0 robe (worn)
 n - a +1 cloak (worn)
Jewellery
 u - a +4 ring of evasion {unknown}
 v - a +4 ring of protection {unknown}
 w - an amulet of reflection (around neck)
 y - a ring of resist corrosion (left hand)
 C - an uncursed ring of ice {unknown}
Wands
 b - a wand of paralysis (5)
 m - a wand of digging (7)
 r - a wand of polymorph (8)
Scrolls
 c - 5 scrolls of teleportation
 h - 3 scrolls of remove curse
 j - 2 scrolls of enchant armour
 p - 2 scrolls of amnesia
 B - a scroll of magic mapping
 D - a scroll of blinking {unknown}
 E - 5 scrolls of identify
Potions
 g - 2 potions of might
 i - a potion of lignification {unknown}
 k - a potion of berserk rage {unknown}
 l - a potion of curing
 o - a potion of stabbing {unknown}
 q - 2 potions of degeneration {unknown}
 s - 2 potions of flight
 t - a potion of ambrosia {unknown}
 A - a potion of cancellation {unknown}
Comestibles
 f - 11 rations


   Skills:
 - Level 1.2 Fighting
 + Level 6.9 Short Blades
   Level 1.0 Staves
 - Level 1.0 Dodging
 + Level 10.1 Stealth
 - Level 1.0 Spellcasting
   Level 1.0 Fire Magic
   Level 3.0 Air Magic
 + Level 5.1 Evocations


You had 9 spell levels left.
You didn't know any spells.
Your spell library contained the following spells:

 Spells                   Type           Power        Failure   Level  Hunger
 Animate Skeleton         Necr           N/A          32%         1    ##.....
 Pain                     Necr           #...         32%         1    ##.....
 Vampiric Draining        Necr           #.........   67%         3    ####...
 Animate Dead             Necr           N/A          97%         4    #####..
 Agony                    Necr           #.......     100%        5    ######.


Dungeon Overview and Level Annotations

Branches:
Dungeon (7/15)             Temple (1/1) D:5           Sewer (visited)

Altars:
Ashenzari
Cheibriados
Dithmenos
Elyvilon
Fedhas
Gozag
Hepliaklqana
Kikubaaqudgha
Makhleb
Nemelex Xobeh
Okawaru
Qazlal
Ru
Sif Muna
Trog
Uskayaw
Vehumet
Wu Jian
Xom
Yredelemnul
Zin
The Shining One

Annotations:
D:3 3 runed translucent doors, Jaiteiro's ghost, amateur GnSu
D:6 1 exclusion


Innate Abilities, Weirdness & Mutations

You cannot wear boots.
Your serpentine skin is tough. (AC +2)
You have supernaturally acute eyesight. (SInv)
Armour fits poorly on your strangely shaped body.
Your system is resistant to poisons. (rPois)
You cover ground very slowly.
You have a slow metabolism.
You can spit poison.


Message History

A gnoll shaman comes into view. It is wielding a +0 whip.
The orc warrior hits you with a +0 trident!
A gnoll comes into view. It is wielding a +0 club.
The gnoll shaman calls down the wrath of its god upon you.
You easily resist.
The bullfrog croaks.
The orc warrior hits you from afar with a +0 trident!
You block the orc warrior's attack. The gnoll barely misses you.
The gnoll hits you from afar with a +0 halberd.
The crimson imp blinks!
The gnoll barely misses you.
The orc warrior hits you from afar with a +0 trident!
The crimson imp blinks!
The gnoll hits you from afar with a +0 halberd!
* * * LOW HITPOINT WARNING * * *
The bullfrog croaks.
You feel better.
You hear a shout!
The orc warrior hits you from afar with a +0 trident!
You die...

###################
..................###
################....#
####@##..... #....#
#.## ##.#og# .#
#..?.F####.#
#...###gg....# #.# #
#.#..###
.....#.#...g.#
.#...F.5...#g##
...##.##...?.#


You could see an orc warrior, a bullfrog, a gnoll shaman, 2 gnolls and a crimson
imp.

Vanquished Creatures
  A basilisk (D:6)
  A necrophage (D:6)
  2 ogres
  A centaur (D:5)
  A big kobold (Sewer)
  3 bullfrogs
  A scorpion (D:3)
  2 howler monkeys
  2 crimson imps
  A hound (D:5)
  A bullfrog skeleton (D:4)
  An orc priest (D:7)
  An iguana (D:6)
  2 orc wizards
  3 worker ants (D:6)
  A hound skeleton (D:6)
  A howler monkey zombie (D:5)
  3 gnolls (D:6)
  A howler monkey skeleton (D:4)
  17 adders
  6 river rats
  An ooze (D:3)
  2 adder skeletons
  5 worms
  A dart slug (D:2)
  A leopard gecko (D:5)
  23 orcs
  3 giant cockroaches
  4 goblins
  6 hobgoblins
  5 jackals
  A ball python (D:3)
  7 bats
  2 frilled lizards (D:3)
  A jackal skeleton (D:4)
  5 kobolds
  A leopard gecko skeleton (D:6)
  11 rats
131 creatures vanquished.

Notes
Turn   | Place    | Note
-------+----------+-------------------------------------------
     0 | D:1      | MajorAdolf the Naga Wanderer began the quest for the Orb.
     0 | D:1      | MajorAdolf set off with the following items: a +0 spear, a
                  | wand of paralysis (15), a scroll of teleportation, a +0
                  | robe, a ration
     0 | D:1      | Reached XP level 1. HP: 18/18 MP: 2/2
   539 | D:1      | Reached skill level 1 in Short Blades
   967 | D:2      | Reached XP level 2. HP: 25/25 MP: 3/3
  1260 | D:2      | You fall into a shaft and drop 2 floors!
  1523 | D:4      | Reached XP level 3. HP: 9/31 MP: 4/4
  1801 | D:4      | HP: 1/31 [howler monkey (4)]
  1809 | D:4      | Reached skill level 3 in Stealth
  1809 | D:4      | Reached XP level 4. HP: 2/38 MP: 5/5
  2511 | D:4      | Noticed an ogre
  2522 | D:4      | Killed an ogre
  2522 | D:4      | Reached skill level 4 in Stealth
  2522 | D:4      | Reached XP level 5. HP: 44/44 MP: 6/6
  2658 | D:4      | Reached skill level 5 in Stealth
  2716 | D:4      | Reached XP level 6. HP: 17/51 MP: 7/7
  3147 | D:4      | Reached skill level 6 in Stealth
  3416 | D:4      | Noticed a phantom
  3861 | D:2      | Found a snail-covered altar of Cheibriados.
  4542 | D:3      | Found a runed translucent gate.
  4542 | D:3      | Found a runed translucent gate.
  4542 | D:3      | Found a runed translucent gate.
  4542 | D:3      | Noticed Jaiteiro's ghost (amateur GnSu)
  5358 | D:3      | Reached skill level 5 in Short Blades
  5358 | D:3      | Reached XP level 7. HP: 45/57 MP: 8/8
  5678 | D:4      | Reached skill level 7 in Stealth
  5898 | D:5      | Entered Level 5 of the Dungeon
  6274 | D:5      | Found a glowing drain.
  6286 | Sewer    | Entered a sewer
  6709 | Sewer    | Found a white marble altar of Elyvilon.
  6939 | D:5      | Found a staircase to the Ecumenical Temple.
  6960 | Temple   | Entered the Ecumenical Temple
  7287 | Temple   | Became a worshipper of Dithmenos the Shadowed
  7751 | D:5      | Reached skill level 8 in Stealth
  7785 | D:5      | Reached XP level 8. HP: 47/64 MP: 10/10
  8996 | D:6      | Reached skill level 9 in Stealth
  9166 | D:6      | Reached * piety under Dithmenos
 10026 | D:6      | Found a burning altar of Makhleb.
 10113 | D:6      | Reached skill level 5 in Evocations
 10120 | D:6      | Reached skill level 10 in Stealth
 10509 | D:7      | Slain by an orc warrior

Illustrated notes

Levels and vault maps discovered:
D:1:      beargit_arrival_greenhouse, layout_rooms
D:2:      layout_loops_corners, kennysheep_slug_shrine
D:3:      layout_loops_ring, ebering_ghost_rock_garden, first_ration
D:4:      minmay_inner_zag, layout_basic
D:5:      layout_loops_ring, minmay_temple_entry_large_hall,
          lightli_sewer_entry_pipes, nicolae_ossuary_entry_false_entrances
D:6:      kennysheep_windowed_halls, layout_basic, makhleb_blood_cavern_becter
D:7:      nicolae_whirlpool, layout_rooms, serial_shops, nicolae_shop_crystal,
          minmay_fractal_squares_5, uniq_maggie, uniq_harold, uniq_duvessa
Temple:   regret_index_temple_sigil_plot

Skill      XL: |  1  2  3  4  5  6  7  8 |
---------------+-------------------------+-----
Short Blades   | 1 2 3 4 5 6 |  6.9
Stealth        | 3 4 5 6 8 10 | 10.1
Evocations     | 2 3 5 |  5.1
Fighting       | |  1.2
Staves         | |  1.0
Dodging        | |  1.0
Spellcasting   | |  1.0
Fire Magic     | |  1.0
Air Magic      | |  3.0

Action                   |  1- 3 |  4- 6 |  7- 9 || total
-------------------------+-------+-------+-------++-------
Melee: Dagger            |    79 |   165 |   459 ||   703
       Spear             |     3 |       |       ||     3
       Rapier            |       |       |    43 ||    43
 Abil: Spit Poison       |     7 |    51 |    47 ||   105
Evoke: Wand              |       |     6 |     4 ||    10
  Use: Scroll            |       |       |    13 ||    13
       Potion            |       |       |     2 ||     2
 Stab: Sleeping          |     1 |     4 |    16 ||    21
       Paralysed         |       |     5 |     1 ||     6
       Distracted        |       |     1 |       ||     1
  Eat: Chunk             |     1 |     9 |    17 ||    27
       Ration            |       |     1 |       ||     1
Armor: Robe              |     9 |    56 |    77 ||   142
Dodge: Dodged            |    39 |   119 |   144 ||   302
Block: Other             |       |       |    67 ||    67
